 Dungeon Crawl Stone Soup version 0.21.0-3-g78d12a8bdd (webtiles) character file.

338 NullDivider the Charlatan (level 6, -7/32 HPs)
             Began as a Spriggan Artificer on Jan 12, 2018.
             Was an Initiate of Gozag.
             Mangled by Grinder (10 damage)
             ... while paralysed by Grinder
             ... on level 4 of the Dungeon.
             The game lasted 00:26:45 (4976 turns).

NullDivider the Charlatan (Spriggan Artificer)      Turns: 4976, Time: 00:26:45

Health: -7/32      AC:  2    Str:  8    XL:     6   Next: 29%
Magic:  10/10      EV:  4    Int: 12    God:    Gozag
Gold:   104        SH:  0    Dex: 19    Spells: 5/5 levels left

rFire    . . .     SeeInvis +   o - +4 dagger (flame)
rCold    . . .     Gourm    .   (shield restricted)
rNeg     . . .     Faith    .   b - +0 robe
rPois    .         Spirit   .   (helmet restricted)
rElec    .         Reflect  .   (no cloak)
rCorr    .         Harm     .   (gloves unavailable)
MR       +....                  (boots unavailable)
Stlth    +++.......             (no amulet)
HPRegen  0.10/turn              w - ring of flight
MPRegen  0.12/turn              (no ring)

@: paralysed, very quick
A: very small, unfitting armour, see invisible, herbivore, speed 3, slow
metabolism 2
a: Potion Petition, Call Merchant, Bribe Branch, Renounce Religion, Evoke Flight


You were on level 4 of the Dungeon.
You worshipped Gozag.
Gozag was aware of your devotion.
You were near starving.

You visited 1 branch of the dungeon, and saw 4 of its levels.

You collected 152 gold pieces.
You paid 48 gold pieces to Gozag.

Inventory:

Hand Weapons
 o - a +4 dagger of flaming (weapon)
Armour
 b - a +0 robe (worn)
Jewellery
 w - a ring of flight (left hand)
Wands
 c - a wand of flame (15)
 d - a wand of enslavement (14)
 e - a wand of random effects (15)
 v - a wand of digging (14)
Scrolls
 a - 2 scrolls of amnesia {unknown}
 g - 3 scrolls of teleportation
 i - 4 scrolls of magic mapping
 j - 3 scrolls of identify
 p - a scroll of remove curse {unknown}
 q - a scroll of enchant armour {unknown}
 r - a scroll of enchant weapon {unknown}
 t - a scroll of immolation {unknown}
 u - a scroll of fear {unknown}
Potions
 h - a potion of lignification {unknown}
 k - a potion of flight {unknown}
 l - a potion of invisibility {unknown}
 m - a potion of cancellation {unknown}
 n - 6 potions of curing
 s - a potion of brilliance {unknown}
Comestibles
 f - 6 rations


   Skills:
 * Level 2.6 Fighting
 + Level 2.9 Short Blades
 + Level 5.0 Dodging
 + Level 5.1 Stealth
 + Level 5.1 Evocations


You had 5 spell levels left.
You didn't know any spells.

Dungeon Overview and Level Annotations

Branches:
Dungeon (4/15)
 Temple: D:4-7

Altars:
Gozag
Kikubaaqudgha
Ru
Wu Jian
Yredelemnul

Shops:
D:4 (

Annotations:
D:4 Grinder


Innate Abilities, Weirdness & Mutations

You are very small and have problems with some larger weapons.
You are too small for most types of armour.
You have supernaturally acute eyesight. (SInv)
You are a herbivore.
You cover ground extremely quickly.
You need consume almost no food.


Message History

You resist with significant effort. Grinder hits you!
You writhe in agony.
You barely miss Grinder. Grinder closely misses you.
You hit Grinder. You burn Grinder.
Grinder is lightly wounded.
Grinder says, "DUCK!"
Grinder barely misses you.
You hit Grinder. You burn Grinder.
Grinder is moderately wounded.
Grinder gestures at you.
You suddenly lose the ability to move!
Grinder hits you.
You writhe in agony.
* * * LOW HITPOINT WARNING * * *
Grinder hits you.
* * * LOW HITPOINT WARNING * * *
You writhe in agony.
* * * LOW HITPOINT WARNING * * *
Grinder hits you!
You die...
Your body crumbles into a pile of gold.

#....### +....'..
#....### #... #....#
#####....#
###########...#....#
#8..#..............#
#_...@5............#
#8..#.........(...#
...#####.............#
h......$.............#
.....................#
.....................####
.........................
.........................
.........................


You could see Grinder.

Vanquished Creatures
  A hound (D:4)
  A centaur skeleton (D:4)
  Jessica (D:2)
  Terence (D:2)
  A worker ant (D:4)
  Robin (D:2)
  6 adders
  4 gnolls (D:3)
  A worm (D:2)
  2 dart slugs (D:1)
  2 leopard geckos
  6 orcs
  20 goblins
  7 hobgoblins
  5 jackals
  7 kobolds
  2 quokkas
  10 bats
  8 frilled lizards
  7 rats
93 creatures vanquished.

Notes
Turn   | Place    | Note
-------+----------+-------------------------------------------
     0 | D:1      | NullDivider the Spriggan Artificer began the quest for the Orb.
     0 | D:1      | Reached XP level 1. HP: 9/9 MP: 4/4
   565 | D:1      | Reached skill level 1 in Fighting
   565 | D:1      | Reached XP level 2. HP: 14/14 MP: 6/6
  1294 | D:2      | Noticed Robin
  1298 | D:2      | Reached XP level 3. HP: 15/18 MP: 7/7
  1977 | D:2      | Killed Robin
  2186 | D:2      | Reached XP level 4. HP: 22/22 MP: 8/8
  2772 | D:2      | Noticed Terence
  2779 | D:2      | Killed Terence
  2820 | D:2      | Noticed Jessica
  2834 | D:2      | Killed Jessica
  2834 | D:2      | Reached XP level 5. HP: 26/26 MP: 9/9
  3103 | D:3      | Found a basalt altar of Yredelemnul.
  3105 | D:3      | Found an ornate altar of the Wu Jian Council.
  3501 | D:3      | Found an ancient bone altar of Kikubaaqudgha.
  3563 | D:3      | Found a sacrificial altar of Ru.
  4189 | D:4      | Found Juubis's Weapon Boutique.
  4196 | D:4      | Reached XP level 6. HP: 32/32 MP: 10/10
  4205 | D:4      | Reached skill level 5 in Evocations
  4281 | D:4      | Noticed Grinder
  4476 | D:4      | Reached skill level 5 in Stealth
  4634 | D:4      | Paralysed by Grinder for 7 turns
  4916 | D:4      | Found an opulent altar of Gozag.
  4926 | D:4      | Reached skill level 5 in Dodging
  4933 | D:4      | Became a worshipper of Gozag Ym Sagoz the Greedy
  4973 | D:4      | Paralysed by Grinder for 3 turns
  4976 | D:4      | Mangled by Grinder

Skill      XL: |  1  2  3  4  5  6 |
---------------+-------------------+-----
Stealth        | 2 3 4 5 |  5.1
Fighting       | 1 2 |  2.6
Dodging        | 4 5 |  5.0
Short Blades   | 2 |  2.9
Evocations     | 5 |  5.1

Action                   |  1- 3 |  4- 6 || total
-------------------------+-------+-------++-------
Melee: Short sword       |   101 |       ||   101
       Dagger            |    51 |   178 ||   229
Evoke: Wand              |       |     1 ||     1
  Use: Scroll            |       |     3 ||     3
       Potion            |       |     1 ||     1
 Stab: Sleeping          |     4 |    11 ||    15
Armor: Robe              |     7 |     6 ||    13
Dodge: Dodged            |   112 |   107 ||   219
